 Dungeon Crawl Stone Soup version 0.27.0-1-g7a089689b8 (webtiles) character file.

Game seed: 14340400295790281092

3096 Delamore the Basher (level 9, -4/54 HPs)
             Began as a Gargoyle Fighter on Aug 12, 2021.
             Was an Initiate of Gozag.
             Killed by refrigeration
             ... invoked by Fannar
              (27 damage)
             ... on level 10 of the Dungeon.
             The game lasted 00:07:34 (10092 turns).

Delamore the Basher (Gargoyle Fighter)             Turns: 10092, Time: 00:07:35

Health: -4/54      AC: 20    Str: 24    XL:     9   Next: 90%
Magic:  9/9        EV:  5    Int:  8    God:    Gozag
Gold:   360        SH: 10    Dex:  9    Spells: 8/8 levels left

rFire    . . .     SeeInvis .   a - +1 flail (venom)
rCold    . . .     Faith    .   c - +1 kite shield
rNeg     + + .     Spirit   .   q - +0 chain mail
rPois    ∞         Reflect  .   (no helmet)
rElec    +         Harm     .   t - +0 cloak
rCorr    +         Rampage  .   l - +0 pair of gloves
Will     .....                  A - +1 pair of boots {Fly}
Stlth    ..........             s - macabre finger necklace {rN+}
HPRegen  0.18/turn              h - ring of resist corrosion
MPRegen  0.11/turn              (no ring)
                                (no ring)

@: flying
A: sickness immunity, AC +6, negative energy resistance 1, electricity
resistance, torment resistance 1, petrification resistance
a: Renounce Religion, Potion Petition, Call Merchant, Bribe Branch


You were on level 10 of the Dungeon.
You worshipped Gozag.
Gozag was aware of your devotion.
You visited 2 branches of the dungeon, and saw 11 of its levels.

You collected 652 gold pieces.
You spent 206 gold pieces at shops.
You paid 86 gold pieces to Gozag.

Inventory:

Hand Weapons
 a - a +1 flail of venom (weapon)
 z - a +3 morningstar
Missiles
 m - 7 boomerangs
 p - 16 poisoned darts (quivered)
Armour
 c - a +1 kite shield (worn)
 l - a +0 pair of gloves (worn)
 q - a +0 chain mail (worn)
 t - a +0 cloak (worn)
 A - a +1 pair of boots of flying (worn)
Jewellery
 h - a ring of resist corrosion (left hand)
 s - the macabre finger necklace (around neck) {rN+}
   (You found it on level 6 of the Dungeon)

   [amulet of nothing]

   It enables you to equip an extra ring.
   rN:        It protects you from negative energy.
 v - a ring of ice
Wands
 x - a wand of polymorph (10)
Scrolls
 b - a scroll of magic mapping
 u - a scroll of enchant armour
 y - a scroll of teleportation
Potions
 d - a potion of might
 e - a potion of lignification {unknown}
 f - a potion of heal wounds
 i - 3 potions of haste
 j - 3 potions of curing
 k - 2 potions of degeneration {unknown}
 o - 5 potions of attraction
 r - a potion of invisibility {unknown}
 w - 3 potions of mutation {unknown}
 B - a potion of berserk rage {unknown}


   Skills:
 - Level 5.0 Fighting
 * Level 12.8 Maces & Flails
 - Level 3.2 Armour
 - Level 3.2 Shields


You had 8 spell levels left.
You didn't know any spells.
Your spell library was empty.

Dungeon Overview and Level Annotations

Branches:
Dungeon (10/15)            Temple (1/1) D:7
   Lair: D:8-11         Orc: D:9-12

Altars:
Ashenzari
Dithmenos
Gozag
Hepliaklqana
Kikubaaqudgha
Makhleb
Nemelex Xobeh
Okawaru
Qazlal
Ru
Sif Muna
Trog
Uskayaw
Vehumet
Wu Jian
Xom
Yredelemnul
Zin
The Shining One

Shops:
D:7 *

Annotations:
D:10 Fannar


Innate Abilities, Weirdness & Mutations

You are immune to sickness and miasma.
Your stone body is resilient. (AC +6)
You are immune to poison.
You resist negative energy. (rN+)
You are resistant to electric shocks. (rElec)
You are resistant to unholy torment.
You are immune to petrification.


Message History

Fannar the Cold-Hearted comes into view.
They are wielding a staff of cold and wearing a +1 robe of cold resistance.
Fannar is nearby!
Fannar is nearby!
Okay, then.
You start resting.
HP restored.
You now have 338 gold pieces (gained 15).
There is an open door, spattered with blood here.
Things that are here:
a +0 club; a +0 mace You now have 343 gold pieces (gained 5).
You see here a +0 falchion.
You now have 360 gold pieces (gained 17).
Fannar shouts!
Fannar casts a spell.
Fannar blinks!
w - 3 fizzy ruby potions (gained 1) Fannar is nearby!
Found 12 gold pieces.
You barely miss Fannar. You block Fannar's attack.
You closely miss Fannar. Fannar hits you but does no damage.
Fannar freezes you!
You barely miss Fannar. You block Fannar's attack.
You sock Fannar!
Fannar is poisoned.
Fannar is lightly wounded.
You block Fannar's attack.
You hit Fannar.
Fannar looks as sick as possible!
Fannar is moderately wounded.
Fannar hits you but does no damage. Fannar freezes you!
You thump Fannar!
Fannar looks as sick as possible!
Fannar is moderately wounded.
Fannar hits you with a staff of cold. Fannar freezes you.
You feel better. Fannar hits you but does no damage. Fannar freezes you.
You thump Fannar!
Fannar looks as sick as possible!
Fannar is severely wounded.
Fannar gestures wildly while chanting.
Fannar drains the heat from the surrounding environment!
Ouch! That really hurt!
You die...
Your body crumbles into a pile of gold.

.....$ #.####.# ..$
......# #.####.# ##..#
......# #......#
............#####......#
...... ..........[......
......####............##
......................#
......................#
......e@..............#
......................#
........................
########################


You could see Fannar (extremely poisoned).

Vanquished Creatures
  A troll (D:9)
  A hornet (D:10)
  Menkaure (D:7)
  A water moccasin (D:6)
  A sky beast (D:6)
  2 black bears (D:7)
  3 orc warriors
  An ice beast (D:7)
  2 ogres (D:5)
  2 necrophages
  3 phantoms
  A bullfrog (D:7)
  2 scorpions
  A water moccasin zombie (D:5)
  A water moccasin skeleton (D:4)
  5 wights (D:8)
  2 howler monkeys (D:9)
  A centaur zombie (D:7)
  A bullfrog zombie (D:5)
  A hound (D:7)
  2 jellies
  4 orc priests
  2 centaur skeletons (D:4)
  An iguana (D:4)
  5 orc wizards
  A killer bee zombie (D:8)
  2 howler monkey zombies
  3 adders
  2 white imps
  An adder skeleton (D:4)
  5 worms
  4 dart slugs
  21 orcs
  5 bats
  6 endoplasms
  2 giant cockroaches (D:2)
  15 goblins
  13 hobgoblins
  5 jackals
  6 kobolds
  4 quokkas
  4 ball pythons
  7 frilled lizards
  7 rats
160 creatures vanquished.

Vanquished Creatures (others)
  A quokka (D:9)
1 creature vanquished.

Grand Total: 161 creatures vanquished

Notes
Turn   | Place    | Note
-------+----------+-------------------------------------------
     0 | D:1      | Delamore the Gargoyle Fighter began the quest for the Orb.
     0 | D:1      | Reached XP level 1. HP: 14/14 MP: 1/1
    80 | D:1      | Found Erir's Book Emporium.
   253 | D:1      | Reached XP level 2. HP: 5/19 MP: 2/2
   977 | D:1      | Reached skill level 3 in Maces & Flails
  1013 | D:1      | Reached XP level 3. HP: 21/24 MP: 3/3
  1074 | D:1      | Found a faded altar of an unknown god.
  2014 | D:3      | Reached XP level 4. HP: 29/29 MP: 4/4
  2714 | D:3      | Reached skill level 4 in Maces & Flails
  3149 | D:4      | Noticed a phantom
  3165 | D:4      | Killed a phantom
  3166 | D:4      | Reached XP level 5. HP: 22/34 MP: 5/5
  3283 | D:4      | Found a broken altar of Ashenzari.
  3334 | D:4      | Reached skill level 5 in Maces & Flails
  3334 | D:4      | Reached XP level 6. HP: 25/40 MP: 6/6
  3495 | D:4      | Reached skill level 5 in Fighting
  3664 | D:4      | Reached skill level 6 in Maces & Flails
  4281 | D:4      | Reached XP level 7. HP: 31/44 MP: 7/7
  4628 | D:5      | Entered Level 5 of the Dungeon
  4646 | D:5      | Reached skill level 7 in Maces & Flails
  5024 | D:5      | Reached skill level 8 in Maces & Flails
  5949 | D:6      | Reached XP level 8. HP: 38/49 MP: 8/8
  6097 | D:6      | Reached skill level 9 in Maces & Flails
  6661 | D:6      | Found the macabre finger necklace {rN+}
  6884 | D:7      | Reached skill level 10 in Maces & Flails
  6955 | D:7      | Noticed Menkaure
  6966 | D:7      | Killed Menkaure
  7256 | D:7      | Found Ciwy's Assorted Antiques.
  7260 | D:7      | Reached XP level 9. HP: 52/54 MP: 9/9
  7298 | D:7      | Found a staircase to the Ecumenical Temple.
  7319 | Temple   | Entered the Ecumenical Temple
  7419 | Temple   | Became a worshipper of Gozag Ym Sagoz the Greedy
  7515 | D:7      | Found a hide-covered altar of Uskayaw.
  7568 | D:7      | Reached skill level 11 in Maces & Flails
  8088 | D:7      | Bought a scroll labelled KUABROORAG for 20 gold pieces
  8088 | D:7      | Bought a pair of embroidered boots for 150 gold pieces
  8088 | D:7      | Bought a pink potion for 18 gold pieces
  8088 | D:7      | Bought a cyan potion for 18 gold pieces
  8173 | D:8      | Identified the +8 long sword "Lyrad" {vorpal, rPois}
  9193 | D:9      | Found a bloodstained altar of Trog.
  9261 | D:9      | Reached skill level 12 in Maces & Flails
  9281 | D:9      | Noticed a seven-headed hydra
  9518 | D:10     | Entered Level 10 of the Dungeon
  9529 | D:10     | Noticed a troll
  9556 | D:9      | Killed a troll
  9880 | D:10     | Noticed a hornet
  9887 | D:10     | Killed a hornet
 10055 | D:10     | Noticed Fannar
 10092 | D:10     | Killed from afar by Fannar

Illustrated notes

Levels and vault maps discovered:
D:1:      co_arrival_random_square_maze, layout_basic,
          ebering_ecumenical_altar_abandoned, serial_shops,
          nicolae_shop_waterfront, kennysheep_another_room
D:2:      layout_basic, kennysheep_pointless_box, minmay_misc_feat_hallway,
          kennysheep_generic_room_12
D:3:      layout_basic, minmay_misc_feat_square, minmay_misc_feat_pillars,
          grunt_ministairs_13
D:4:      cheibrodos_greedy_goblins, layout_rooms,
          mainiacjoe_overflow_concentric_impassable, kennysheep_generic_room_7
D:5:      layout_basic
D:6:      layout_loops_corners
D:7:      layout_loops_ring, kennysheep_mini_moat,
          minmay_temple_entry_mini_moons, serial_shops,
          nicolae_inconvenience_store, uniq_menkaure
D:8:      layout_loops_ring
D:9:      layout_gridville, trog_hazing_becter, elyvilon_altar_4,
          dpeg_oklobed_lair
D:10:     layout_stronghold, nicolae_overflow_hidden_temple, grunt_decor_cap,
          minmay_liquid_box, uniq_fannar, uniq_sonja
Temple:   nicolae_temple_elliptical

Skill      XL: |  1  2  3  4  5  6  7  8  9 |
---------------+----------------------------+-----
Maces & Flails | 3 4 5 6 8 10 12 | 12.8
Fighting       | 4 5 |  5.0
Armour         | |  3.2
Shields        | |  3.2

Action                   |  1- 3 |  4- 6 |  7- 9 || total
-------------------------+-------+-------+-------++-------
Melee: Flail             |   144 |   172 |   337 ||   653
Throw: Dart              |       |       |     4 ||     4
  Use: Scroll            |     4 |     2 |     9 ||    15
       Potion            |       |       |     3 ||     3
Armor: Scale mail        |    93 |   100 |    35 ||   228
       Chain mail        |       |       |   144 ||   144
Dodge: Dodged            |    65 |    56 |    59 ||   180
Block: Kite shield       |    82 |    90 |   161 ||   333
